Map: Acid Plant LE

Players

uncommon

  • Race: Zerg Zerg
  • Spawn Location: 5:00

Zanster - Winner!

  • Race: Zerg Zerg
  • League: Master
  • Spawn Location: 11:00

Event: WCS Austin 2018

VOD

Have the link to the VOD?

Description

Time

  • Played on: June 1, 2018, 2:12 p.m.
  • Length: 6:36

All games in this series

Show
View Real Time Build Order
Export as new Build Order

uncommon Zerg 

Build Orders: Hatch First, Zergling Baneling 

Get SALT Encoding   

  12  0:01  Drone  
  13  0:12  Overlord  
  13  0:17  Drone  
  14  0:31  Drone x2  
  14  0:35  Drone  
  17  0:52  Hatchery  
  17  0:55  Drone  
  17  0:58  Drone  
  17  1:01  Extractor  
  17  1:14  Spawning Pool  
  17  1:17  Drone  
  17  1:20  Drone  
  18  1:28  Drone  
  19  1:39  Drone  
  20  1:49  Overlord  
  20  2:00  Queen  
  22  2:03  Queen  
  22  2:04  Metabolic Boost  
  22  2:06  Zergling x2  
  25  2:10  Zergling x2  
  25  2:14  Drone  
  27  2:19  Zergling x2  
  27  2:22  Drone  
  29  2:25  Drone  
  30  2:32  Drone  
  32  2:37  Drone  
  32  2:42  Baneling Nest  
  31  2:47  Drone x2  
  33  3:05  Hatchery  
  32  3:08  Drone  
  32  3:09  Overlord  
  33  3:13  Zergling x6  
  36  3:20  Overlord  
  36  3:29  Zergling x6  
  36  3:30  Zergling x2  
  40  3:38  Zergling x2  
  40  3:40  Zergling x2  
  42  3:43  Zergling x4  
  42  3:44  Zergling x2  
  44  3:51  Baneling x4  
  44  3:54  Zergling x4  
  46  3:57  Zergling x2  
  46  4:00  Zergling x6  
  49  4:06  Zergling x2  
  49  4:10  Zergling x2  
  45  4:17  Zergling x4  
  45  4:18  Zergling x4  
  45  4:22  Zergling x2  
  48  4:26  Zergling x4  
  48  4:28  Zergling x2  
  48  4:29  Zergling x6  
  53  4:32  Baneling x3  
  53  4:33  Baneling x4  
  53  4:36  Zergling x2  
  54  4:43  Zergling x4  
  54  4:45  Baneling x4  
  56  4:48  Zergling x2  
  56  4:50  Zergling x2  
  52  4:57  Zergling x6  
  52  4:59  Zergling x2  
  54  5:00  Zergling x2  
  54  5:02  Zergling x2  
  54  5:04  Zergling x2  
  56  5:14  Zergling x8  
  54  5:15  Drone  
  53  5:22  Zergling x6  
  53  5:26  Zergling x2  
  53  5:29  Zergling x2  
  53  5:32  Zergling x4  
  53  5:35  Zergling x2  
  54  5:38  Zergling x4  
  53  5:45  Zergling x4  
  53  5:46  Zergling x2  
  53  5:48  Baneling x3  
  53  5:49  Baneling  
  52  5:52  Zergling x2  
  52  6:00  Zergling x2  
  52  6:01  Zergling x6  
  54  6:07  Zergling x6  
  54  6:10  Zergling x2  
  43  6:14  Baneling x2  
  43  6:17  Zergling x4  
  45  6:19  Zergling x2  
Show
View Real Time Build Order
Export as new Build Order

Zanster Zerg - Winner!

Build Orders: Hatch First, Zergling Baneling 

Get SALT Encoding   

  12  0:00  Drone  
  13  0:13  Overlord  
  13  0:19  Drone  
  14  0:32  Drone x2  
  14  0:35  Drone  
  17  0:52  Hatchery  
  17  0:55  Drone  
  17  0:58  Drone  
  18  1:09  Extractor  
  17  1:13  Spawning Pool  
  17  1:16  Drone  
  17  1:19  Drone  
  18  1:28  Drone  
  20  1:40  Drone  
  20  1:51  Overlord  
  20  2:00  Queen  
  22  2:04  Queen  
  22  2:05  Zergling x4  
  26  2:09  Metabolic Boost  
  26  2:12  Drone  
  27  2:16  Drone  
  27  2:22  Drone  
  29  2:27  Drone  
  30  2:31  Baneling Nest  
  30  2:32  Drone  
  30  2:36  Drone  
  31  2:43  Drone  
  32  2:47  Drone  
  33  2:55  Hatchery  
  33  2:57  Zergling x2  
  33  2:59  Overlord  
  33  3:05  Drone  
  34  3:12  Zergling x4  
  36  3:18  Zergling x10  
  41  3:23  Zergling x2  
  42  3:27  Overlord  
  41  3:35  Zergling x2  
  41  3:36  Queen  
  41  3:40  Baneling  
  41  3:41  Baneling  
  44  3:42  Baneling x2  
  44  3:45  Drone  
  44  3:46  Drone x2  
  47  3:49  Drone x2  
  49  4:00  Drone  
  49  4:01  Drone x2  
  51  4:11  Baneling x2  
  49  4:19  Drone x9  
  49  4:23  Overlord  
  58  4:25  Extractor  
  58  4:27  Roach Warren  
  56  4:31  Baneling x2  
  56  4:38  Overlord  
  56  4:39  Overlord x2  
  53  5:08  Roach x4  
  53  5:09  Roach x6  
  72  5:15  Zergling x16  
  80  5:22  Extractor  
  80  5:26  Roach x2  
  81  5:29  Overlord  
  81  5:35  Hatchery  
  80  5:39  Ravager  
  80  5:40  Zergling x12  
  83  5:47  Zergling x2  
  83  5:48  Zergling x2  
  85  5:51  Baneling  
  85  5:52  Baneling  
  85  5:55  Baneling  
  85  5:59  Zergling x4  
  83  6:07  Zergling x2  
  83  6:08  Zergling x2  
  78  6:13  Baneling x6  
  78  6:15  Baneling x2  
  78  6:16  Baneling  
  78  6:18  Zergling x2  
  78  6:19  Zergling x6  
  81  6:30  Ravager  
Tags
 
Add a new tag
Caveats
  • Supply blocks, unpowered buildings, or Contaminate may cause inaccurate times.
  • Supply counts are checked every 10 seconds.